 Dungeon Crawl Stone Soup version 0.31-a0-435-g2c6fae2916 (webtiles) character file.

Game seed: 15756158167670291349

176 BritishOli the Trooper (level 5, 0/42 HPs)
             Began as a Demonspawn Fighter on Aug 1, 2023.
             Slain by a gnoll
             ... wielding a +0 spear
              (1 damage)
             ... on level 3 of the Dungeon.
             The game lasted 00:02:45 (1850 turns).

BritishOli the Trooper (Demonspawn Fighter)         Turns: 1850, Time: 00:02:46

Health: 0/42       AC:  6    Str: 18    XL:     5   Next: 30%
Magic:  5/5        EV:  9    Int: 10    God:
Gold:   132        SH:  4    Dex: 12    Spells: 4/4 levels left

rFire   . . .        a - +0 war axe
rCold   . . .        c - +0 buckler
rNeg    . . .        b - +0 scale mail
rPois   .            (helmet restricted)
rElec   .            (no cloak)
rCorr   .            (no gloves)
SInv    .            (no boots)
Will    .....        (no amulet) Stlth
                     (no ring)
HPRegen 0.27/turn    (no ring)
MPRegen 0.09/turn

%: no passive effects
@: no status effects
A: antennae 1, ignite blood 1, sturdy frame 1
a: no special abilities


You were on level 3 of the Dungeon.
You visited 1 branch of the dungeon, and saw 3 of its levels.

You collected 132 gold pieces.

Inventory:

Hand Weapons
 a - a +0 war axe (weapon)
Armour
 b - a +0 scale mail (worn)
 c - a +0 buckler (worn)
Wands
 n - a wand of flame (27)
Scrolls
 h - a scroll of amnesia {unknown}
 i - a scroll of fear {unknown}
 k - 3 scrolls of teleportation {unknown}
 o - a scroll of summoning {unknown}
 p - 2 scrolls of fog {unknown}
Potions
 d - 2 potions of might
 e - a potion of haste {unknown}
 f - 2 potions of curing {unknown}
 g - 2 potions of lignification {unknown}
 j - a potion of degeneration {unknown}
 l - a potion of attraction {unknown}
 m - a potion of brilliance {unknown}


   Skills:
 * Level 4.3 Fighting
 * Level 3.3 Axes
 + Level 3.4 Armour
 - Level 3.0 Shields


You had 4 spell levels left.
You didn't know any spells.
Your spell library was empty.

Dungeon Overview and Level Annotations

Branches:
Dungeon (3/15)

Altars:


Innate Abilities, Weirdness & Mutations

You have a pair of small antennae on your head.
Your demonic aura sometimes causes spilled blood to erupt in flames.
Your movements are slightly less encumbered by armour. (ER -2)


Message History

You are too injured to fight recklessly!
You are too injured to fight recklessly!
Unknown command.
You are too injured to fight recklessly!
Unknown command.
You are too injured to fight recklessly!
You are too injured to fight recklessly!
A gnoll is nearby!
You are too injured to fight recklessly!
A gnoll is nearby!
You are too injured to fight recklessly!
A gnoll is nearby!
You block the gnoll's attack.
Items here: $ ( ) †.
You hit the gnoll.
The gnoll is moderately wounded.
The gnoll hits you with a +0 halberd!
* * * LOW HITPOINT WARNING * * *
You hit the gnoll.
The gnoll is heavily wounded.
A gnoll comes into view. It is wielding a +0 club.
The gnoll is engulfed in blazing flames.
You kill the gnoll!
A gnoll comes into view. It is wielding a +0 spear.
The gnoll shouts! x2
Things that are here:
a +0 halberd; 7 gold pieces A gnoll and a kobold come into view.
The gnoll shouts!
The kobold shouts!
The gnoll misses you.
The gnoll moves out of view.
The kobold moves out of view.
You hit the gnoll.
The gnoll is moderately wounded.
The gnoll is engulfed in blazing flames.
You kill the gnoll!
The gnoll hits you but does no damage. The gnoll hits you with a +0 spear.
* * * LOW HITPOINT WARNING * * *
The gnoll hits you from afar with a +0 spear.
You die...

~~~~~~~~~~~~~.~~~~..~~
~~~~~~~~≈~~≈~~~≈~~~~~≈
≈≈~≈~≈≈≈≈≈≈≈≈≈≈~≈≈~≈≈≈
≈≈#####≈≈≈≈≈≈≈≈≈≈≈≈≈≈≈
≈ #.. ################
#.K #......## ##....
#.g #.......###.....
#g##........#......
#.@.).......#......
#..)).......'......
#...)..(....#......
#+##...)....#......
#.......###.....
#......## ##....
######## #####


You could see 2 gnolls and a kobold.

Vanquished Creatures
  5 adders (D:2)
  3 gnolls (D:3)
  2 worms (D:2)
  2 bats
  3 endoplasms
  4 giant cockroaches
  13 goblins
  15 hobgoblins
  9 jackals
  6 quokkas
  8 ball pythons
  2 frilled lizards (D:1)
  5 kobolds
  4 rats
81 creatures vanquished.

Notes
Turn   | Place    | Note
-------+----------+-------------------------------------------
     0 | D:1      | BritishOli the Demonspawn Fighter began the quest for the
                  | Orb.
     0 | D:1      | Reached XP level 1. HP: 18/18 MP: 1/1
   112 | D:1      | Gained mutation: Your movements are slightly less
                  | encumbered by armour. (ER -2) [demonic ancestry]
   112 | D:1      | Reached XP level 2. HP: 21/24 MP: 2/2
   510 | D:2      | Gained mutation: Your demonic aura sometimes causes spilled
                  | blood to erupt in flames. [demonic ancestry]
   510 | D:2      | Reached XP level 3. HP: 28/29 MP: 3/3
   917 | D:2      | Gained mutation: You have a pair of small antennae on your
                  | head. [demonic ancestry]
   917 | D:2      | Reached XP level 4. HP: 23/37 MP: 4/4
  1420 | D:3      | Reached skill level 4 in Fighting
  1756 | D:3      | Reached XP level 5. HP: 29/42 MP: 5/5
  1850 | D:3      | HP: 1/42 [gnoll/+0 spear (4)]
  1850 | D:3      | Slain by a gnoll

Illustrated notes

Levels and vault maps discovered:
D:1:      minmay_arrival_doors, layout_rooms, minmay_stone_trees_medium,
          minmay_indecisive_spiral
D:2:      layout_loops_cross, minmay_snake_closets
D:3:      minmay_goblin_kobold_castle, layout_basic, grunt_decor_mini_mirrors,
          hangedman_decor_opposing, uniq_pargi

Skill      XL: |  1  2  3  4 |
---------------+-------------+-----
Axes           | 2 3 |  3.3
Shields        | 3 |  3.0
Armour         | 3 |  3.4
Fighting       | 4 |  4.3

Action                     |  1- 3 |  4- 6 || total
---------------------------+-------+-------++-------
  Melee: War axe           |    92 |   115 ||   207
 Armour: Scale mail        |    55 |    66 ||   121
  Dodge: Dodged            |    53 |    76 ||   129
  Block: Buckler           |    31 |    38 ||    69

Table legend: (Time is in decaauts)
 A = Elapsed time spent in this place.
 B = Non-inter-level travel time spent in this place.
 C = Inter-level travel time spent in this place.
 D = Time resting spent in this place.
 E = Time spent auto-exploring this place.
 F = Levels seen in this place.
 G = Mean time per level.
                   A        B        C        D        E       F      G
               +--------+--------+--------+--------+--------+-----+--------+
         Total |   1934 |   1887 |     47 |     94 |   1316 |   3 |  644.7 |
       Dungeon |   1934 |   1887 |     47 |     94 |   1316 |   3 |  644.7 |
               +--------+--------+--------+--------+--------+-----+--------+

Top non-repeatable levels by time:
     D:2: 962 daAuts
     D:1: 506 daAuts
     D:3: 465 daAuts
